 Dungeon Sprint DCSS version 0.31.0 (webtiles) character file.

Game seed: 11445027704744603876

28707 Heoruswealwe the Minotaur Porcupine (level 13, 0/145 HPs)
             Began as a Minotaur Fighter on Jan 20, 2024.
             Was an Initiate of Gozag.
             Succumbed to a naga sharpshooter's splash of poison
             ... in the Dungeon (Sprint IX: "|||||||||||||||||||||||||||||").
             The game lasted 00:31:42 (2986 turns).

Heoruswealwe the Minotaur Porcupine (MiFi)          Turns: 2986, Time: 00:31:43

Health: 0/145      AC: 32    Str: 27    XL:     13   Next: 11%
Magic:  21/21      EV:  8    Int:  5    God:    Gozag
Gold:   1546       SH:  4    Dex:  9    Spells: 12/12 levels left

rFire   + + +        a - +4 demon trident (venom)
rCold   + + .        d - +0 buckler
rNeg    . . .        c - +2 plate armour {rC+}
rPois   +            g - +2 hat
rElec   +            h - +0 cloak
rCorr   +            f - +0 pair of gloves
SInv    +            e - +1 pair of boots {Fly}
Will    +....        (no amulet) Stlth
                     k - +2 ring of protection
HPRegen 0.44/turn    j - ring "Ohuoblago" {^Contam rF+++ Will+ MP+9 SInv}
MPRegen 0.17/turn

%: no teleportation
@: lethally poisoned (0 -> -5), resistant, gold aura, flying
A: horns 2, retaliatory headbutt
a: Renounce Religion, Potion Petition, Call Merchant, Bribe Branch


You were in the Dungeon.
You worshipped Gozag.
Gozag was most pleased with you.
You visited 1 branch You collected 10624 gold pieces.
You spent 2481 gold pieces at shops.
You paid 6597 gold pieces to Gozag.

Inventory:

Hand Weapons
 a - a +4 demon trident of venom (weapon)
 b - a +2 halberd of protection
 l - the +4 consecrated labrys {holy, Valiant ^Fragile Fly SInv}
   (You found it in the Dungeon)

   Valiant:   It becomes more powerful as more dangerous foes come into view.
   SInv:      It lets you see invisible.
   Fly:       It grants you flight.
   ^Fragile:  It will be destroyed if unequipped.
Armour
 c - a +2 plate armour of cold resistance (worn)
 d - a +0 buckler (worn)
 e - a +1 pair of boots of flying (worn)
 f - a +0 pair of gloves (worn)
 g - a +2 hat (worn)
 h - a +0 cloak (worn)
Jewellery
 j - the ring "Ohuoblago" (right hand) {^Contam rF+++ Will+ MP+9 SInv}
   (You bought it in a shop in the Dungeon)

   [ring of see invisible]

   rF+++:     It renders you almost immune to fire.
   Will+:     It increases your willpower.
   MP+9:      It affects your magic capacity (+9).
   SInv:      It lets you see invisible.
   ^Contam:   It causes magical contamination when unequipped.
 k - a +2 ring of protection (left hand)
Wands
 i - a wand of light (10)
Scrolls
 p - 5 scrolls of identify
 s - a scroll of blinking
 t - 4 scrolls of enchant armour
Potions
 n - 4 potions of haste
 o - 2 potions of might
 r - 3 potions of mutation


   Skills:
 + Level 21.8 Fighting
 O Level 27 Polearms
 + Level 21.8 Armour
 - Level 3.6 Shields


You had 12 spell levels left.
You didn't know any spells.
Your spell library was empty.

Dungeon Overview and Level Annotations

Branches:
Dungeon (1/1)

Altars:
Cheibriados
Dithmenos
Elyvilon
Fedhas
Gozag
Hepliaklqana
Kikubaaqudgha
Makhleb
Nemelex Xobeh
Okawaru
Qazlal
Ru
Sif Muna
Trog
Uskayaw
Vehumet
Wu Jian
Xom
Yredelemnul
Zin
The Shining One
Jiyva
Lugonu

Shops:
D ([=!!(((((


Innate Abilities, Weirdness & Mutations

You have a pair of horns on your head.
You reflexively headbutt those who attack you in melee.


Message History

You headbutt the naga sharpshooter, but do no damage.
The naga sharpshooter is severely wounded.
* * * LOW HITPOINT WARNING * * *
You feel very sick.
You're too confused to move!
* * * LOW HITPOINT WARNING * * *
You feel very sick.
The naga sharpshooter unwields a +0 flail.
The naga sharpshooter wields a +0 arbalest.
The naga sharpshooter shoots a bolt.
The bolt hits you.
* * * LOW HITPOINT WARNING * * *
The naga sharpshooter constricts you.
You closely miss the naga sharpshooter.
The naga sharpshooter is severely wounded.
You feel sick.
The naga sharpshooter mumbles some strange words.
The naga sharpshooter magically shoots a bolt.
The bolt hits you!
* * * LOW HITPOINT WARNING * * *
The naga sharpshooter constricts you.
You feel protected.
* * * LOW HITPOINT WARNING * * *
You feel very sick.
The naga sharpshooter gestures wildly while chanting.
The naga sharpshooter constricts you.
You bump into the unnaturally hard rock wall.
You feel less invigorated.
You feel less confused.
* * * LOW HITPOINT WARNING * * *
You feel sick.
The naga sharpshooter shoots a bolt.
The bolt hits you.
* * * LOW HITPOINT WARNING * * *
The naga sharpshooter constricts you.
You barely miss the naga sharpshooter. You headbutt the naga sharpshooter!
The naga sharpshooter is almost dead.
* * * LOW HITPOINT WARNING * * *
You feel sick.
You impale the naga sharpshooter!!
You kill the naga sharpshooter!
You die...
Your body crumbles into a pile of gold.

..')............[............[)..
▓▓▓▓▓▓▓▓▓▓▓▓▓▓▓▓▓▓▓▓▓▓▓▓▓▓▓▓▓▓▓▓▓
..)..............................
▓▓▓▓▓▓▓▓▓▓▓▓▓▓▓▓▓▓▓▓▓▓▓▓▓▓▓▓▓▓▓▓▓
===.)))))))).[[[[[[[[..........[.
▓▓▓▓▓▓▓▓▓▓▓▓▓▓▓▓▓▓▓▓▓▓▓▓▓▓▓▓▓▓▓▓▓
.............)...................
▓▓▓▓▓▓▓▓▓▓▓▓▓▓▓▓▓▓▓▓▓▓▓▓▓▓▓▓▓▓▓▓▓
....').....$.$'$@$......
▓▓▓▓▓▓▓▓▓▓▓▓▓▓▓▓▓▓▓▓▓▓▓▓


There were no monsters in sight!

Vanquished Creatures
  Gastronok (D)
  Azrael (D)
  2 ettins (D)
  A hydra (D)
  A rakshasa (D)
  An ice dragon (D)
  2 centaur warriors (D)
  An anaconda (D)
  A boulder beetle (D)
  A naga warrior (D)
  A deep troll earth mage (D)
  A vampire mage (D)
  2 naga sharpshooters (D)
  An occultist (D)
  3 orc high priests (D)
  A skyshark (D)
  A pharaoh ant (D)
  An orb spider (D)
  A sun moth (D)
  A mana viper (D)
  4 orc knights (D)
  A wolf spider (D)
  A manticore (D)
  3 orc sorcerers (D)
  2 ugly things (D)
  3 cane toads (D)
  Joseph (D)
  A meliai (D)
  2 guardian serpents (D)
  A gargoyle (D)
  An efreet (D)
  A komodo dragon (D)
  A tengu conjurer (D)
  A troll (D)
  A polar bear (D)
  A blink frog (D)
  3 tyrant leeches (D)
  2 jumping spiders (D)
  A culicivora (D)
  2 slime creatures (D)
  A vampire (D)
  2 wraiths (D)
  3 yaks (D)
  A wyvern (D)
  A basilisk (D)
  A redback (D)
  4 fire elementals (D)
  4 vampire mosquitoes (D)
  A naga (D)
  4 water moccasins (D)
  2 hell hounds (D)
  10 orc warriors (D)
  2 wolves (D)
  A centaur (D)
  A kobold brigand (D)
  A scorpion (D)
  A bullfrog (D)
  A killer bee (D)
  An orc priest (D)
  An iguana (D)
  5 orc wizards (D)
  An adder (D)
  A shadow imp (D)
  14 orcs (D)
  2 hobgoblins (D)
  A ball python (D)
  2 bats (D)
127 creatures vanquished.

Vanquished Creatures (others)
  A black mamba (D)
1 creature vanquished.

Grand Total: 128 creatures vanquished

Notes
Turn   | Place    | Note
-------+----------+-------------------------------------------
     0 | D        | Heoruswealwe the Minotaur Fighter began the quest for the
                  | Orb.
     0 | D        | Reached XP level 1. HP: 19/19 MP: 0/0
     8 | D        | Reached skill level 3 in Polearms
    23 | D        | Noticed an iguana
    26 | D        | Reached skill level 4 in Polearms
    31 | D        | Killed an iguana
    32 | D        | Reached skill level 5 in Fighting
    32 | D        | Reached skill level 5 in Polearms
    32 | D        | Reached skill level 5 in Armour
    32 | D        | Reached XP level 2. HP: 15/29 MP: 1/1
    32 | D        | Reached XP level 3. HP: 19/36 MP: 2/2
    36 | D        | Reached skill level 6 in Polearms
    57 | D        | Found a snail-covered altar of Cheibriados.
    57 | D        | Found a shadowy altar of Dithmenos.
    57 | D        | Found a white marble altar of Elyvilon.
    57 | D        | Found a blossoming altar of Fedhas.
    57 | D        | Found an opulent altar of Gozag.
    58 | D        | Found a hazy altar of Hepliaklqana.
    59 | D        | Found a viscous altar of Jiyva.
    60 | D        | Found an ancient bone altar of Kikubaaqudgha.
    61 | D        | Found a corrupted altar of Lugonu.
    62 | D        | Found a burning altar of Makhleb.
    63 | D        | Found a sparkling altar of Nemelex Xobeh.
    64 | D        | Found an iron altar of Okawaru.
    65 | D        | Became a worshipper of Gozag Ym Sagoz the Greedy
    66 | D        | Found a stormy altar of Qazlal.
    67 | D        | Found a sacrificial altar of Ru.
    68 | D        | Found a shimmering blue altar of Sif Muna.
    69 | D        | Found a bloodstained altar of Trog.
    70 | D        | Found a hide-covered altar of Uskayaw.
    71 | D        | Found a radiant altar of Vehumet.
    72 | D        | Found an ornate altar of the Wu Jian Council.
    73 | D        | Found a shimmering altar of Xom.
    74 | D        | Found a basalt altar of Yredelemnul.
    75 | D        | Found a glowing silver altar of Zin.
    76 | D        | Found a glowing golden altar of the Shining One.
    84 | D        | Found the +4 consecrated labrys {holy, Valiant ^Fragile Fly
                  | SInv}
   160 | D        | Noticed a wraith
   160 | D        | Noticed a troll
   160 | D        | Noticed a wraith
   160 | D        | Noticed a vampire
   160 | D        | Noticed a killer bee
   160 | D        | Noticed a kobold brigand
   170 | D        | Killed a wraith
   171 | D        | Reached skill level 10 in Polearms
   171 | D        | Reached XP level 4. HP: 16/48 MP: 3/3
   171 | D        | Reached XP level 5. HP: 18/53 MP: 4/4
   176 | D        | Killed a troll
   177 | D        | Reached skill level 12 in Polearms
   177 | D        | Reached XP level 6. HP: 44/64 MP: 5/5
   187 | D        | Killed a wraith
   188 | D        | Reached skill level 13 in Polearms
   188 | D        | Reached XP level 7. HP: 65/71 MP: 6/6
   190 | D        | Killed a vampire
   191 | D        | Reached skill level 10 in Fighting
   191 | D        | Reached skill level 10 in Armour
   197 | D        | Reached skill level 14 in Polearms
   289 | D        | Noticed a slime creature
   289 | D        | Noticed a vampire mosquito
   289 | D        | Noticed a slime creature
   289 | D        | Noticed a gargoyle
   289 | D        | Noticed a basilisk
   292 | D        | Killed a slime creature
   295 | D        | Killed a vampire mosquito
   296 | D        | Reached skill level 15 in Polearms
   296 | D        | Reached XP level 8. HP: 81/82 MP: 7/7
   302 | D        | Killed a slime creature
   310 | D        | Killed a gargoyle
   311 | D        | Reached skill level 16 in Polearms
   453 | D        | Noticed a cane toad
   460 | D        | Noticed a polar bear
   475 | D        | Reached XP level 9. HP: 78/92 MP: 8/8
   480 | D        | Reached skill level 17 in Polearms
   485 | D        | Killed a cane toad
   487 | D        | Noticed a cane toad
   492 | D        | Killed a polar bear
   493 | D        | Reached skill level 18 in Polearms
   498 | D        | Killed a cane toad
   541 | D        | Noticed a komodo dragon
   541 | D        | Noticed a boulder beetle
   546 | D        | Noticed a skyshark
   552 | D        | Killed a komodo dragon
   553 | D        | Reached skill level 19 in Polearms
   568 | D        | Reached XP level 10. HP: 90/104 MP: 9/9
   580 | D        | Killed a boulder beetle
   587 | D        | Killed a skyshark
   588 | D        | Reached skill level 15 in Fighting
   588 | D        | Reached skill level 20 in Polearms
   588 | D        | Reached skill level 15 in Armour
   841 | D        | Noticed a cane toad
   869 | D        | Killed a cane toad
   870 | D        | Reached skill level 21 in Polearms
  1149 | D        | Noticed an orc high priest
  1149 | D        | Noticed an orc knight
  1158 | D        | Killed an orc high priest
  1159 | D        | Reached XP level 11. HP: 100/115 MP: 10/10
  1165 | D        | Killed an orc knight
  1166 | D        | Reached skill level 22 in Polearms
  1210 | D        | Noticed an orc knight
  1237 | D        | Killed an orc knight
  1290 | D        | Found Guxkut's Antique Armour Emporium.
  1290 | D        | Noticed an orc sorcerer
  1290 | D        | Noticed an orc knight
  1290 | D        | Noticed an orc high priest
  1296 | D        | Noticed a sixfirhy
  1297 | D        | Killed an orc sorcerer
  1312 | D        | Killed an orc knight
  1320 | D        | Noticed an orc high priest
  1325 | D        | Killed an orc high priest
  1326 | D        | Reached skill level 23 in Polearms
  1329 | D        | Noticed an orc sorcerer
  1342 | D        | Noticed a sixfirhy
  1346 | D        | Killed an orc high priest
  1357 | D        | Killed an orc sorcerer
  1557 | D        | Found Duka's Jewellery Shoppe.
  1561 | D        | Found Kiekhl Sotru's Distillery.
  1565 | D        | Found Qyjane's Distillery.
  1567 | D        | Noticed an orc sorcerer
  1575 | D        | Paralysed by an orc sorcerer for 2 turns
  1584 | D        | Killed an orc sorcerer
  1611 | D        | Noticed an orc knight
  1636 | D        | Killed an orc knight
  1696 | D        | Bought the ring "Ohuoblago" {^Contam rF+++ Will+ MP+9 SInv}
                  | for 759 gold pieces
  1703 | D        | Bought a potion of heal wounds for 60 gold pieces
  1703 | D        | Bought a potion of ambrosia for 96 gold pieces
  1703 | D        | Bought a potion of mutation for 96 gold pieces
  1703 | D        | Bought a potion of enlightenment for 60 gold pieces
  1703 | D        | Bought a potion of lignification for 36 gold pieces
  1703 | D        | Bought a potion of curing for 36 gold pieces
  1703 | D        | Bought a potion of might for 48 gold pieces
  1705 | D        | Bought a potion of curing for 39 gold pieces
  1705 | D        | Bought a potion of haste for 130 gold pieces
  1705 | D        | Bought a potion of mutation for 104 gold pieces
  1705 | D        | Bought a potion of haste for 130 gold pieces
  1705 | D        | Bought a potion of attraction for 39 gold pieces
  1705 | D        | Bought a potion of curing for 39 gold pieces
  1705 | D        | Bought a potion of resistance for 130 gold pieces
  1705 | D        | Bought a potion of curing for 39 gold pieces
  1748 | D        | Bought a +4 demon trident of venom for 640 gold pieces
  1811 | D        | Noticed Gastronok
  1826 | D        | Killed Gastronok
  1827 | D        | Reached skill level 24 in Polearms
  1904 | D        | Noticed Joseph
  1912 | D        | Killed Joseph
  2051 | D        | Noticed a five-headed hydra
  2051 | D        | Noticed a rakshasa
  2051 | D        | Noticed a centaur warrior
  2051 | D        | Noticed a green ugly thing
  2053 | D        | Noticed a centaur warrior
  2056 | D        | Killed a five-headed hydra
  2060 | D        | Killed a rakshasa
  2066 | D        | Reached XP level 12. HP: 98/128 MP: 11/11
  2072 | D        | Killed a centaur warrior
  2073 | D        | Reached skill level 25 in Polearms
  2082 | D        | Noticed a vampire mage
  2083 | D        | Killed a centaur warrior
  2087 | D        | Noticed an ettin
  2091 | D        | Noticed a deep troll earth mage
  2104 | D        | Killed a vampire mage
  2105 | D        | Noticed an ice dragon
  2107 | D        | Killed an ettin
  2109 | D        | Killed a deep troll earth mage
  2111 | D        | Noticed an ettin
  2124 | D        | Killed an ice dragon
  2125 | D        | Reached skill level 26 in Polearms
  2128 | D        | Killed an ettin
  2388 | D        | Noticed Azrael
  2404 | D        | Killed Azrael
  2531 | D        | Reached skill level 27 in Polearms
  2923 | D        | Noticed an anaconda
  2923 | D        | Noticed a naga warrior
  2931 | D        | Killed an anaconda
  2939 | D        | Killed a naga warrior
  2940 | D        | Reached XP level 13. HP: 69/143 MP: 12/12
  2982 | D        | HP: 3/145 [naga sharpshooter/bolt (10)]
  2984 | D        | HP: 1/145 [naga sharpshooter/bolt (4)]
  2986 | D        | Succumbed to a naga sharpshooter's splash of poison

Illustrated notes

Levels and vault maps discovered:
D:        linesprint [early_d, line_temple, items_1, d_10, items_2, lair_1,
          lair_end, items_3, orc_1, orc_end, items_4, d_15, swamp_1, shoals_1,
          snake_1, spider_1, d_20, vaults_1, items_5, swamp_end, shoals_end,
          snake_end, spider_end, vaults_end, d_27, items_6, zot_1, zot_end,
          crypt_end, forest_end, elf_end, slime_end, tomb_end, abyss_end,
          pan_hell_end]

Skill      XL: |  1  2  3  4  5  6  7  8  9 10 11 12 |
---------------+-------------------------------------+-----
Polearms       | 5 10 12 13 15 16 19 21 24 27 | 27.0
Fighting       | 5 7 9 11 12 14 16 18 21 | 21.8
Armour         | 5 7 9 11 12 14 16 18 21 | 21.8
Shields        | |  3.6

Action                     |  1- 3 |  4- 6 |  7- 9 | 10-12 | 13-15 || total
---------------------------+-------+-------+-------+-------+-------++-------
  Melee: Trident           |    34 |       |       |       |       ||    34
         Headbutt          |     7 |     7 |    20 |    65 |     8 ||   107
         Halberd           |    10 |    12 |   106 |   209 |       ||   337
         Demon trident     |       |       |       |   149 |    28 ||   177
 Invoke: Call Merchant     |       |       |       |     6 |       ||     6
    Use: Potion            |       |     5 |     1 |     9 |    11 ||    26
         Scroll            |       |       |       |     2 |       ||     2
   Stab: Distracted        |       |       |     4 |     3 |     1 ||     8
 Armour: Scale mail        |    19 |       |       |       |       ||    19
         Plate armour      |    13 |    24 |    50 |   211 |    33 ||   331
  Dodge: Dodged            |    15 |     4 |    19 |    66 |     6 ||   110
  Block: Buckler           |     4 |       |       |    16 |     2 ||    22
